 Dungeon Crawl Stone Soup version 0.22.1-1-ga44c0e5 (webtiles) character file.

55393 brandon the Severer (level 14, -2/130 HPs)
             Began as a Hill Orc Fighter on Oct 4, 2018.
             Was a High Priest of the Shining One.
             Slain by a guardian serpent (4 damage)
             ... on level 6 of the Lair of Beasts.
             The game lasted 01:08:51 (27471 turns).

brandon the Severer (Hill Orc Fighter)             Turns: 27471, Time: 01:08:52

Health: -2/130     AC: 21    Str: 20    XL:     14   Next: 77%
Magic:  18/18      EV: 11    Int: 11    God:    the Shining One [*****.]
Gold:   1008       SH:  8    Dex: 14    Spells: 12/13 levels left

rFire    . . .     SeeInvis .   L - +0 battleaxe
rCold    . . .     Gourm    .   (shield currently unavailable)
rNeg     + + .     Faith    .   N - +0 plate armour
rPois    +         Spirit   .   j - +1 helmet {Int+3}
rElec    .         Reflect  +   F - scarf {cloud immunity}
rCorr    .         Harm     .   K - +2 pair of gloves {archery}
MR       ++...                  (no boots)
Stlth    ..........             J - brooch of Shielding {Reflect SH+8}
HPRegen  0.31/turn              a - ring of poison resistance
MPRegen  0.16/turn              G - ring of protection from magic

@: lethally poisoned (-2 -> -3), glowing
A: no striking features
a: Divine Shield, Cleansing Flame, Summon Divine Warrior, Renounce Religion


You were on level 6 of the Lair of Beasts.
You worshipped the Shining One.
The Shining One was extremely pleased with you.
You were not hungry.

You visited 3 branches of the dungeon, and saw 17 of its levels.
You also visited: Labyrinth and Ossuary.

You collected 1008 gold pieces.

Inventory:

Hand Weapons
 e - a +5 spear
 L - a +0 battleaxe (weapon)
Armour
 j - a +1 helmet of intelligence (worn)
 q - a +0 scale mail of poison resistance
 E - a +1 shield of protection
 F - a scarf of cloud immunity (worn)
 K - a +2 pair of gloves of archery (worn)
 N - a +0 plate armour (worn)
Jewellery
 a - a ring of poison resistance (left hand)
 c - an uncursed ring of flight
 x - an uncursed ring of stealth
 G - a ring of protection from magic (right hand)
 J - the brooch of Shielding (around neck) {Reflect SH+8}
   (You found it on level 2 of the Lair of Beasts)

   [amulet of reflection]

   It shields you and reflects attacks.
   It affects your SH (+8).
 Q - a +4 ring of dexterity {unknown}
Wands
 n - a wand of enslavement (30)
 p - a wand of digging (27)
 u - a wand of polymorph (19)
 I - a wand of acid (6)
 M - a wand of paralysis (8)
 O - a wand of iceblast (13)
 R - a wand of disintegration (13)
Scrolls
 b - 2 scrolls of fog {unknown}
 i - 9 scrolls of amnesia
 k - 3 scrolls of enchant armour {unknown}
 l - 2 scrolls of random uselessness {unknown}
 m - 2 scrolls of teleportation
 o - 3 scrolls of fear {unknown}
 r - a scroll of vulnerability {unknown}
 t - 3 scrolls of immolation
 v - a scroll of brand weapon {unknown}
 w - 3 scrolls of remove curse
 y - 4 scrolls of magic mapping
 C - 6 scrolls of enchant weapon {unknown}
 P - 6 scrolls of identify
Potions
 d - 3 potions of flight {unknown}
 g - 2 potions of agility {unknown}
 h - 3 potions of brilliance {unknown}
 s - a potion of resistance
 z - a potion of mutation {unknown}
 A - 6 potions of curing
 B - a potion of ambrosia {unknown}
 D - a potion of cancellation {unknown}
 H - a potion of magic {unknown}
Comestibles
 f - 18 rations
 S - 10 chunks of flesh


   Skills:
 + Level 13.7 Fighting
 * Level 19.4 Axes
 + Level 12.8 Armour
 - Level 8.8 Dodging
 - Level 3.2 Shields
 + Level 6.3 Invocations


You had 12 spell levels left.
You knew the following spells:

 Your Spells              Type           Power        Failure   Level  Hunger
a - Infusion              Chrm           #...         99%         1    ##.....

Your spell library contained the following spells:

 Spells                   Type           Power        Failure   Level  Hunger
 Shroud of Golubria       Chrm/Tloc      #.........   100%        2    ###....
 Song of Slaying          Chrm           #.......     100%        2    ###....
 Sublimation of Blood     Necr           #.........   100%        2    ###....
 Ignite Poison            Fire/Tmut/Pois #.......     100%        3    ####...
 Regeneration             Chrm/Necr      #.........   100%        3    ####...
 Spectral Weapon          Hex/Chrm       #.......     100%        3    ####...
 Petrify                  Tmut/Erth      #.......     100%        4    #####..
 Summon Lightning Spire   Summ/Air       #.......     100%        4    #####..
 Alistair's Intoxication  Tmut/Pois      #.......     100%        5    ######.
 Irradiate                Conj/Tmut      #.........   100%        5    ######.
 Silence                  Hex/Air        #.........   100%        5    ######.
 Conjure Ball Lightning   Conj/Air       #.........   100%        6    #######
 Deflect Missiles         Chrm/Air       #.........   100%        6    #######
 Tornado                  Air            #.........   100%        9    #######


Dungeon Overview and Level Annotations

Branches:
Dungeon (10/15)            Temple (1/1) D:4            Lair (6/6) D:10
 Shoals (0/4) Lair:2       Spider (0/4) Lair:2        Slime (0/5) Lair:5
    Orc: D:9-12

Altars:
Ashenzari
Cheibriados
Dithmenos
Elyvilon
Fedhas
Gozag
Hepliaklqana
Kikubaaqudgha
Makhleb
Nemelex Xobeh
Okawaru
Qazlal
Ru
Sif Muna
Trog
Uskayaw
Vehumet
Wu Jian
Xom
Yredelemnul
Zin
The Shining One
Beogh

Annotations:
D:4 3 runed doors, Shutra's ghost, amateur DsCK
D:9 3 runed doors, Phong's ghost, novice DrTm


Message History

Unknown command.
You barely miss the guardian serpent.
The guardian serpent is heavily wounded.
The guardian serpent closely misses you.
Unknown command.
You barely miss the guardian serpent.
The guardian serpent is heavily wounded.
You feel sick.
You block the guardian serpent's attack.
Unknown command.
You hit the guardian serpent.
The guardian serpent is severely wounded.
The guardian serpent hits you but does no damage.
Unknown command.
You completely miss the guardian serpent.
The guardian serpent is severely wounded.
You feel sick. The guardian serpent hits you!
* * * LOW HITPOINT WARNING * * *
The guardian serpent hits you.
You die...

.. ........#.....####P...##...
... ......#.......###..P.#...#
..#......#.......##........#
.......#......###........#
#....##......##....##P..# #†.#
##....##...####...# .
##†#####.........####.P..
?...##.#.P#.#.....#..+#..PP...
........?...S@............P...
.#.#.##.##.#.#..#.P..######.#.
###.###..########## ## #PP#
####


You could see a guardian serpent.

Vanquished Creatures
  A minotaur (Lab)
  Harold (D:9)
  2 catoblepae
  2 hydras
  A two-headed ogre (D:10)
  Urug (Lair:4)
  6 death yaks
  Nergalle (Lair:4)
  A wolf spider (Lair:6)
  A manticore (D:8)
  An ugly thing (D:7)
  7 black mambas
  31 elephants
  18 spiny frogs
  6 rime drakes
  A minotaur zombie (Lab)
  2 komodo dragons
  2 jumping spiders
  Prince Ribbit (D:7)
  3 polar bears
  2 hornets
  A slime creature (D:8)
  10 hippogriffs
  17 blink frogs
  3 spriggans
  4 redbacks
  20 yaks
  10 wyverns
  A steam dragon (D:10)
  3 hungry ghosts
  3 basilisks
  2 fire bats (Lair:1)
  An acid dragon (D:8)
  2 wargs (D:10)
  11 porcupines
  15 water moccasins
  2 black bears
  A hornet zombie (D:9)
  4 sky beasts
  3 orc warriors
  A necrophage (D:8)
  2 ogres
  2 phantoms
  20 wolves
  3 centaurs
  8 crocodiles
  A big kobold (D:8)
  A wyvern zombie (D:6)
  15 bullfrogs
  A water moccasin zombie (Ossuary)
  2 wyvern skeletons (D:8)
  4 scorpions
  11 wights
  6 killer bees
  5 crimson imps
  3 centaur zombies
  A bullfrog zombie (D:8)
  5 hounds
  A jelly (D:9)
  7 orc wizards
  A bullfrog skeleton (D:10)
  Jessica (D:2)
  6 iguanas
  12 worker ants
  5 hell rats (Lair:6)
  2 big kobold zombies (Ossuary)
  A hound skeleton (D:8)
  2 mummies (Ossuary)
  5 gnolls
  7 adders
  2 shadow imps (D:8)
  An ooze (D:6)
  A worm zombie (D:6)
  2 adder skeletons
  8 adder zombies
  6 worms
  2 dart slugs
  11 leopard geckos
  32 orcs
  9 giant cockroaches
  3 gnoll zombies (Ossuary)
  5 goblins
  5 hobgoblins
  14 jackals
  9 kobolds
  6 quokkas
  3 ball pythons
  6 bats
  3 frilled lizards
  4 hobgoblin zombies (Ossuary)
  4 kobold zombies (Ossuary)
  5 orc zombies (Ossuary)
  8 rats
  3 fungi
  2 plants
499 creatures vanquished.

Vanquished Creatures (others)
  A bush (Lair:5)
  27 fungi
  26 plants
54 creatures vanquished.

Grand Total: 553 creatures vanquished

Notes
Turn   | Place    | Note
-------+----------+-------------------------------------------
     0 | D:1      | brandon the Hill Orc Fighter began the quest for the Orb.
     0 | D:1      | Reached XP level 1. HP: 19/19 MP: 1/1
    25 | D:1      | Reached skill level 3 in Axes
    29 | D:1      | Reached XP level 2. HP: 26/27 MP: 2/2
   231 | D:1      | Reached XP level 3. HP: 32/33 MP: 3/3
   880 | D:2      | Noticed Jessica
   902 | D:2      | Killed Jessica
   902 | D:2      | Reached skill level 4 in Axes
   902 | D:2      | Reached skill level 1 in Dodging
   902 | D:2      | Reached XP level 4. HP: 40/40 MP: 4/4
  1901 | D:5      | Entered Level 5 of the Dungeon
  1945 | D:6      | Reached XP level 5. HP: 41/47 MP: 5/5
  2130 | D:6      | Found a sand-covered staircase.
  2144 | Ossuary  | Entered an ossuary
  2192 | Ossuary  | Reached skill level 5 in Axes
  2559 | Ossuary  | Reached XP level 6. HP: 38/53 MP: 6/6
  3229 | D:6      | Reached skill level 5 in Fighting
  3229 | D:6      | Reached skill level 6 in Axes
  3618 | D:6      | Reached XP level 7. HP: 20/61 MP: 7/7
  4597 | D:7      | Noticed Prince Ribbit
  4615 | D:7      | Reached skill level 7 in Axes
  4615 | D:7      | Reached skill level 5 in Armour
  4680 | D:7      | Found a burning altar of Makhleb.
  4702 | D:7      | Killed Prince Ribbit
  5557 | D:4      | Found a runed gate.
  5557 | D:4      | Noticed Shutra's ghost (amateur DsCK)
  5558 | D:4      | Found a runed gate.
  5563 | D:4      | Found a runed gate.
  5565 | D:4      | Found a roughly hewn altar of Beogh.
  5589 | D:4      | Reached XP level 8. HP: 46/70 MP: 8/8
  5852 | D:4      | Found a staircase to the Ecumenical Temple.
  5861 | Temple   | Entered the Ecumenical Temple
  5968 | Temple   | Became a worshipper of the Shining One
  6041 | D:4      | Reached skill level 8 in Axes
  7737 | D:5      | Learned a level 1 spell: Infusion
  7985 | D:5      | Reached skill level 9 in Axes
  8569 | D:6      | Reached XP level 9. HP: 63/79 MP: 9/9
  9489 | D:8      | Reached skill level 10 in Axes
 10038 | D:8      | Found an iron altar of Okawaru.
 10043 | D:8      | Got a slimy quarterstaff
 10044 | D:8      | Identified the +7 quarterstaff of the Apocalypse {venom,
                  | rPois MR+ Dex-3 SInv} (You found it on level 8 of the
                  | Dungeon)
 10064 | D:8      | Found a glowing silver altar of Zin.
 10065 | D:8      | Found a bloodstained altar of Trog.
 10065 | D:8      | Found an ancient bone altar of Kikubaaqudgha.
 10065 | D:8      | Reached * piety under the Shining One
 10113 | D:8      | Noticed a manticore
 10445 | D:8      | Reached skill level 11 in Axes
 10581 | D:8      | Noticed a brown ugly thing
 10587 | D:8      | Noticed a cyan ugly thing
 10998 | D:8      | Killed a manticore
 10998 | D:8      | Reached skill level 5 in Dodging
 10998 | D:8      | Reached XP level 10. HP: 28/89 MP: 10/10
 11642 | D:7      | Killed a brown ugly thing
 11642 | D:7      | Reached skill level 12 in Axes
 12078 | D:9      | Found a runed gate.
 12079 | D:9      | Noticed Phong's ghost (novice DrTm)
 12079 | D:9      | Found a runed gate.
 12080 | D:9      | Found a runed gate.
 12081 | D:9      | Reached ** piety under the Shining One
 12673 | D:9      | Noticed Harold
 12686 | D:9      | Killed Harold
 12696 | D:9      | Reached skill level 13 in Axes
 13131 | D:9      | Found a roughly hewn altar of Beogh.
 13183 | D:10     | Entered Level 10 of the Dungeon
 13221 | D:10     | Noticed a two-headed ogre
 13254 | D:10     | Killed a two-headed ogre
 13254 | D:10     | Reached XP level 11. HP: 76/97 MP: 8/11
 13614 | D:10     | Reached *** piety under the Shining One
 13754 | D:10     | Found a staircase to the Lair.
 14411 | Lair:1   | Entered Level 1 of the Lair of Beasts
 14862 | Lair:1   | Reached skill level 10 in Fighting
 15137 | Lair:1   | Reached skill level 14 in Axes
 15930 | Lair:1   | Noticed a six-headed hydra
 16133 | Lair:1   | Killed a six-headed hydra
 17286 | Lair:2   | Found a staircase to the Shoals.
 17296 | Lair:1   | Reached skill level 15 in Axes
 17405 | Lair:2   | Reached XP level 12. HP: 91/108 MP: 12/12
 17487 | Lair:2   | Found a hole to the Spider Nest.
 17501 | Lair:2   | Reached skill level 10 in Armour
 18811 | Lair:2   | Found the brooch of Shielding {Reflect SH+8}
 19086 | Lair:3   | Noticed a death yak
 19086 | Lair:3   | Noticed a death yak
 19086 | Lair:3   | Reached **** piety under the Shining One
 19087 | Lair:3   | Noticed a death yak
 19104 | Lair:3   | Noticed a death yak
 19104 | Lair:3   | Noticed a death yak
 19104 | Lair:3   | Noticed a death yak
 19113 | Lair:3   | Found a labyrinth entrance.
 19124 | Lab      | Entered a labyrinth
 19393 | Lab      | Noticed a minotaur
 19405 | Lab      | Killed a minotaur
 19405 | Lab      | Reached skill level 16 in Axes
 20725 | Lair:3   | Killed a death yak
 20964 | Lair:2   | Killed a death yak
 21042 | Lair:2   | Killed a death yak
 21042 | Lair:2   | Reached XP level 13. HP: 92/117 MP: 13/13
 22033 | Lair:3   | Reached skill level 17 in Axes
 22446 | Lair:4   | Noticed Nergalle
 22466 | Lair:4   | Killed Nergalle
 22597 | Lair:4   | Noticed Urug
 22626 | Lair:4   | Killed Urug
 24140 | Lair:5   | Reached skill level 18 in Axes
 24140 | Lair:5   | Reached skill level 1 in Invocations
 25084 | Lair:5   | Reached XP level 14. HP: 129/129 MP: 16/16
 25129 | Lair:5   | Found a staircase to the Slime Pits.
 25714 | Lair:6   | Entered Level 6 of the Lair of Beasts
 25970 | Lair:6   | Reached skill level 5 in Invocations
 26085 | Lair:6   | Reached ***** piety under the Shining One
 26096 | Lair:6   | Reached skill level 19 in Axes
 27471 | Lair:6   | HP: 2/130 [guardian serpent (12)]
 27471 | Lair:6   | Slain by a guardian serpent

Skill      XL: |  1  2  3  4  5  6  7  8  9 10 11 12 13 14 |
---------------+-------------------------------------------+-----
Axes           | 3 4 5 6 7 9 11 13 15 16 18 19 | 19.4
Fighting       | 4 5 7 8 9 10 11 13 | 13.7
Dodging        | 1 2 3 5 6 7 8 |  8.8
Armour         | 4 5 6 7 8 9 11 12 | 12.8
Invocations    | 2 6 |  6.3
Shields        | |  3.2

Action                   |  1- 3 |  4- 6 |  7- 9 | 10-12 | 13-15 || total
-------------------------+-------+-------+-------+-------+-------++-------
Melee: War axe           |    91 |   199 |   474 |   198 |       ||   962
       Battleaxe         |       |       |       |   366 |   635 ||  1001
       Spear             |       |       |       |     7 |    13 ||    20
Invok: Divine Shield     |       |       |       |     2 |       ||     2
Evoke: Wand              |       |       |       |     5 |       ||     5
       Lamp of fire      |       |       |       |       |     1 ||     1
  Use: Potion            |     1 |     1 |     9 |     7 |       ||    18
       Scroll            |       |     6 |     8 |     9 |     4 ||    27
  Eat: Chunk             |       |     2 |    17 |    16 |    14 ||    49
       Ration            |       |     2 |     2 |     6 |     3 ||    13
Armor: Scale mail        |    59 |    96 |    78 |    77 |       ||   310
       Chain mail        |       |       |   179 |   156 |       ||   335
       Plate armour      |       |       |       |    41 |   411 ||   452
Dodge: Dodged            |    68 |   118 |   241 |   331 |   324 ||  1082
Block: Other             |       |       |       |    58 |   262 ||   320
       Reflection        |       |       |       |     2 |     1 ||     3
